 Dungeon Crawl Stone Soup version 0.22.0 (webtiles) character file.

84 Blackhawk the Shield-Bearer (level 4, -1/37 HPs)
             Began as a Formicid Fighter on Oct 23, 2018.
             Killed by nerve-wracking pain
             ... invoked by Jessica
              (9 damage)
             ... on level 2 of the Dungeon.
             The game lasted 00:04:32 (1995 turns).

Blackhawk the Shield-Bearer (Formicid Fighter)      Turns: 1995, Time: 00:04:33

Health: -1/37      AC:  8    Str: 22    XL:     4   Next: 74%
Magic:  4/4        EV:  8    Int:  7    God:
Gold:   132        SH:  9    Dex: 10    Spells: 3/3 levels left

rFire    . . .     SeeInvis +   a - +0 flail
rCold    . . .     Gourm    .   c - +0 shield
rNeg     . . .     Faith    .   b - +0 scale mail
rPois    .         Spirit   .   (helmet unavailable)
rElec    .         Reflect  .   (no cloak)
rCorr    .         Harm     .   (no gloves)
MR       .....                  e - +0 pair of boots
Stlth    ..........             (no amulet)
HPRegen  0.12/turn              (no ring)
MPRegen  0.09/turn              (no ring)

@: no status effects
A: permanent stasis, dig shafts and tunnels, four strong arms, antennae 3
a: Dig, Shaft Self


You were on level 2 of the Dungeon.
You were not hungry.

You visited 1 branch of the dungeon, and saw 3 of its levels.

You collected 132 gold pieces.

Inventory:

Hand Weapons
 a - a +0 flail (weapon)
 k - a cursed -2 hunting sling
Missiles
 g - 47 stones (quivered)
Armour
 b - a +0 scale mail (worn)
 c - a +0 shield (worn)
 e - a +0 pair of boots (worn)
Jewellery
 n - an uncursed ring of poison resistance {unknown}
Scrolls
 l - 2 scrolls of identify {unknown}
 m - a scroll of enchant armour {unknown}
 p - 2 scrolls of magic mapping {unknown}
 s - a scroll of teleportation {unknown}
Potions
 d - a potion of might
 i - a potion of heal wounds {unknown}
 j - a potion of agility {unknown}
 o - a potion of haste {unknown}
 q - 2 potions of lignification {unknown}
 r - a potion of brilliance {unknown}
Comestibles
 f - 8 rations
 h - 3 chunks of flesh


   Skills:
 - Level 4.0 Fighting
 + Level 2.7 Maces & Flails
 + Level 4.0 Armour
 + Level 4.4 Shields


You had 3 spell levels left.
You didn't know any spells.
Your spell library was empty.

Dungeon Overview and Level Annotations

Branches:
Dungeon (3/15)

Altars:
Uskayaw

Annotations:
D:2 Jessica
D:3 Natasha


Innate Abilities, Weirdness & Mutations

You cannot be hasted, slowed, berserked, paralysed or teleported.
You can dig through walls and to a lower floor.
Your four strong arms can wield two-handed weapons with a shield.
You have a pair of large antennae on your head. (SInv)


Message History

You closely miss Jessica. Jessica closely misses you.
You completely miss Jessica. You block Jessica's attack.
You closely miss Jessica. Jessica hits you.
You barely miss Jessica. Jessica hits you. Jessica hits you but does no damage.
You hit Jessica.
Jessica is heavily wounded.
Jessica casts a spell at you. Pain shoots through your body!
* * * LOW HITPOINT WARNING * * *
You closely miss Jessica.
Jessica is heavily wounded.
Jessica gestures at you while chanting.
Your stasis prevents you from being slowed.
Jessica hits you.
* * * LOW HITPOINT WARNING * * *
You hit Jessica but do no damage.
Jessica is heavily wounded.
Jessica points at you and mumbles some strange words.
Pain shoots through your body!
You die...

#...................## ##
###.##....##.>##.#### .#
###.#....###...#..#
.###........# #<#.##.#
.##.........###.#..#.#
.............##.##...##
###..#................##
###.##.........@...##..#
..#.###.........@..##..##
#.............)....###..#
.....#.............#
#..###
.#..##.........#####
##...# .#...........#.#
##### .#.###.........#
...# ###...##..## ..##
######...# .##
##...#######


You could see Jessica.

Vanquished Creatures
  3 adders
  A worm (D:2)
  A dart slug (D:1)
  2 leopard geckos (D:2)
  A ball python (D:2)
  2 giant cockroaches (D:2)
  7 goblins
  9 hobgoblins
  2 jackals (D:1)
  4 bats
  6 frilled lizards
  4 kobolds
  9 rats
51 creatures vanquished.

Notes
Turn   | Place    | Note
-------+----------+-------------------------------------------
     0 | D:1      | Blackhawk the Formicid Fighter began the quest for the Orb.
     0 | D:1      | Reached XP level 1. HP: 18/18 MP: 1/1
   100 | D:1      | Reached XP level 2. HP: 18/24 MP: 2/2
   606 | D:1      | Reached XP level 3. HP: 29/29 MP: 3/3
  1064 | D:2      | Reached XP level 4. HP: 12/37 MP: 4/4
  1907 | D:3      | Noticed a hand axe
  1908 | D:3      | Found a hide-covered altar of Uskayaw.
  1908 | D:3      | Noticed a hand axe
  1975 | D:3      | Noticed Jessica
  1976 | D:3      | Noticed Natasha
  1995 | D:2      | Killed from afar by Jessica

Skill      XL: |  1  2  3  4 |
---------------+-------------+-----
Shields        | 4 |  4.4
Fighting       | 4 |  4.0
Armour         | 4 |  4.0
Maces & Flails | |  2.7

Action                   |  1- 3 |  4- 6 || total
-------------------------+-------+-------++-------
Melee: Flail             |   152 |    77 ||   229
  Eat: Chunk             |     1 |     3 ||     4
Armor: Scale mail        |    88 |    30 ||   118
Dodge: Dodged            |    64 |    31 ||    95
Block: Shield            |    99 |    32 ||   131
